 Dungeon Sprint DCSS version 0.23-a0-290-g290e36d (webtiles) character file.

72 emperorscorpion the Charmwright (level 4, 0/63 HPs)
             Began as a Naga Skald on Oct 3, 2018.
             Succumbed to an orc wizard's poison
             ... in the Dungeon (Sprint IX: "|||||||||||||||||||||||||||||").
             The game lasted 00:00:32 (52 turns).

emperorscorpion the Charmwright (Naga Skald)          Turns: 52, Time: 00:00:33

Health: 0/63       AC:  3    Str: 18    XL:     4   Next: 25%
Magic:  6/9        EV: 10    Int: 13    God:
Gold:   0          SH:  0    Dex: 12    Spells: 8/9 levels left

rFire    . . .     SeeInvis +   a - +0 spear
rCold    . . .     Gourm    .   (no shield)
rNeg     . . .     Faith    .   b - +0 leather armour
rPois    +         Spirit   .   (no helmet)
rElec    .         Reflect  .   (no cloak)
rCorr    .         Harm     .   (no gloves)
MR       .....     NoTele   +   (no barding)
Stlth    ..........             (no amulet)
HPRegen  0.20/turn              (no ring)
MPRegen  0.11/turn              (no ring)

@: berserking (expiring), lethally poisoned (0 -> -4), quick
A: large, see invisible, deformed body, poison resistance, slowness 2, slow
metabolism 1, spit poison 1, AC +1
a: Spit Poison


You were in the Dungeon.
You were not hungry.

You visited 1 branch

Inventory:

Hand Weapons
 a - a +0 spear (weapon)
Armour
 b - a +0 leather armour (worn)
Scrolls
 j - a scroll of blinking
Potions
 e - a potion of curing
 f - a potion of heal wounds
 g - a potion of haste
 h - 2 potions of magic
Comestibles
 c - 2 chunks of flesh
 d - a ration


   Skills:
 + Level 3.4 Fighting
 + Level 4.2 Polearms
 + Level 2.1 Armour
 + Level 2.5 Dodging
 + Level 3.3 Spellcasting
 + Level 5.1 Charms


You had 8 spell levels left.
You knew the following spells:

 Your Spells              Type           Power        Failure   Level  Hunger
a - Infusion              Chrm           ###.         3%          1    #......

Your spell library contained the following spells:

 Spells                   Type           Power        Failure   Level  Hunger
 Song of Slaying          Chrm           ###.....     4%          2    ##.....
 Shroud of Golubria       Chrm/Tloc      #.........   14%         2    ##.....
 Regeneration             Chrm/Necr      #.........   28%         3    ###....
 Spectral Weapon          Hex/Chrm       #.......     28%         3    ###....


Dungeon Overview and Level Annotations

Branches:
Dungeon (1/1)

Altars:


Innate Abilities, Weirdness & Mutations

You cannot wear boots.
Your serpentine skin is tough. (AC +1)
You have supernaturally acute eyesight. (SInv)
Armour fits poorly on your strangely shaped body.
Your system is resistant to poisons. (rPois)
You cover ground very slowly.
You have a slow metabolism.
You can spit poison.


Message History

Your base attributes are Str 13, Int 13, Dex 10.
Increase (S)trength, (I)ntelligence, or (D)exterity?
You feel agile.
Your skin feels tougher.
You barely miss the worker ant.
You feel sick.
You closely miss the worker ant. The worker ant bites you.
* * * LOW HITPOINT WARNING * * *
You puncture the worker ant!
The worker ant is heavily wounded.
* * * LOW HITPOINT WARNING * * *
You feel sick.
The worker ant waves its antennae.
The worker ant misses you.
You hit the worker ant.
The worker ant is severely wounded.
You puncture the worker ant!
You kill the worker ant!
Your Polearms skill increases to level 4!
Your Armour skill increases to level 2!
Your Charms skill increases to level 5!
You have reached level 4!
You feel agile.
You die... ▓▓▓▓▓▓▓▓▓▓▓▓▓▓▓▓▓▓ +.....@.....)...<▓ ▓▓▓▓▓▓▓▓▓▓▓▓▓▓▓▓▓▓

There were no monsters in sight!

Vanquished Creatures
  An orc wizard (D)
  A worker ant (D)
  An adder (D)
  A bat (D)
  A bat zombie (D)
  A goblin (D)
  A hobgoblin (D)
  A jackal (D)
  A kobold (D)
  A rat (D)
10 creatures vanquished.

Notes
Turn   | Place    | Note
-------+----------+-------------------------------------------
     0 | D        | emperorscorpion the Naga Skald began the quest for the Orb.
     0 | D        | Reached XP level 1. HP: 19/19 MP: 3/3
    25 | D        | Reached skill level 1 in Armour
    35 | D        | Noticed a worker ant
    35 | D        | Noticed an orc wizard
    37 | D        | Reached XP level 2. HP: 13/27 MP: 5/5
    39 | D        | Reached skill level 4 in Charms
    46 | D        | Reached XP level 3. HP: 8/34 MP: 5/7
    48 | D        | HP: 1/51 [worker ant (6)]
    51 | D        | Reached skill level 5 in Charms
    51 | D        | Reached XP level 4. HP: 1/42 MP: 6/9
    52 | D        | Succumbed to an orc wizard's poison

Vault maps used:
D:        linesprint

Skill      XL: |  1  2  3 |
---------------+----------+-----
Armour         | 1 2 |  2.1
Dodging        | 2 |  2.5
Charms         | 4 5 |  5.1
Fighting       | 3 |  3.4
Polearms       | 3 4 |  4.2
Spellcasting   | 3 |  3.3

Action                   |  1- 3 |  4- 6 || total
-------------------------+-------+-------++-------
Melee: Spear             |    35 |       ||    35
 Abil: Spit Poison       |     2 |       ||     2
  Use: Potion            |     1 |       ||     1
Armor: Leather armour    |     6 |       ||     6
Dodge: Dodged            |    14 |       ||    14

Table legend:
 A = Non-vault XP
 B = Vault XP
 C = Vault XP percentage of total XP
 D = Non-vault monster count
 E = Vault monster count
 F = Vault count percentage of total count
                 A         B        C        D         E       F
            +---------+---------+-------+---------+---------+-------
      Total |       0 |     103 | 100.0 |       0 |      10 | 100.0
            +---------+---------+-------+---------+---------+-------
          D |       0 |     103 | 100.0 |       0 |      10 | 100.0
            +---------+---------+-------+---------+---------+-------
